 Dungeon Crawl Stone Soup version 0.21.1-1-g345015fe64 (webtiles) character file.

26 Dox the Skirmisher (level 2, -11/24 HPs)
             Began as a Demonspawn Chaos Knight on Apr 25, 2018.
             Mangled by a small abomination (15 damage)
             ... summoned by the capriciousness of Xom
             ... on level 2 of the Dungeon.
             The game lasted 00:06:43 (1218 turns).

Dox the Skirmisher (Demonspawn Chaos Knight)        Turns: 1218, Time: 00:06:45

Health: -11/24     AC:  5    Str: 12    XL:     2   Next: 89%
Magic:  2/2        EV: 11    Int: 13    God:    Xom [..*...]
Gold:   78         SH:  0    Dex: 12    Spells: 1/1 levels left

rFire    . . .     SeeInvis .   a - +0 spear (chaos)
rCold    . . .     Gourm    .   (no shield)
rNeg     . . .     Faith    .   b - +2 leather armour
rPois    .         Spirit   .   (no helmet)
rElec    .         Reflect  .   (no cloak)
rCorr    .         Harm     .   (no gloves)
MR       .....                  (no boots)
Stlth    +.........             (no amulet)
HPRegen  0.08/turn              (no ring)
MPRegen  0.08/turn              (no ring)

@: lethally poisoned (-11 -> -17)
A: powered by pain 1
a: Renounce Religion


You were on level 2 of the Dungeon.
You worshipped Xom.
You were a toy of Xom.
You were not hungry.

You visited 1 branch of the dungeon, and saw 2 of its levels.

You collected 78 gold pieces.

Inventory:

Hand Weapons
 a - a +0 spear of chaos (weapon)
Missiles
 e - 20 stones (quivered)
Armour
 b - a +2 leather armour (worn)
Jewellery
 g - an uncursed ring of protection from magic {unknown}
 k - an uncursed ring of wizardry {unknown}
Scrolls
 d - a scroll of remove curse {unknown}
 h - a scroll of enchant weapon {unknown}
 i - a scroll of identify {unknown}
 j - a scroll of random uselessness {unknown}
 l - a scroll of fog {unknown}
 p - a scroll of immolation {unknown}
 q - a scroll of teleportation {unknown}
Potions
 m - a potion of curing {unknown}
 n - a potion of brilliance {unknown}
 o - a potion of heal wounds {unknown}
 r - 2 potions of invisibility {unknown}
Comestibles
 c - 3 rations
 f - 2 chunks of flesh


   Skills:
 + Level 3.4 Fighting
 + Level 3.1 Polearms
 + Level 2.1 Armour
 + Level 1.1 Dodging


You had one spell level left.
You didn't know any spells.

Dungeon Overview and Level Annotations

Branches:
Dungeon (2/15)

Altars:
Elyvilon
Ru
Wu Jian
Xom


Innate Abilities, Weirdness & Mutations

You sometimes gain a little power by taking damage.


Message History

A chorus of moans calls out to you! The small abomination hits you.
You hit the small abomination but do no damage.
The small abomination seems to slow down.
You hit the small abomination but do no damage.
The small abomination barely misses you.
Some of the chunks of flesh in your inventory have rotted away.
You barely miss the small abomination.
Xom's power touches on you for a moment.
You are poisoned.
You feel sick. The small abomination hits you!
Ouch! That really hurt!
* * * LOW HITPOINT WARNING * * *
You hit the small abomination. You burn the small abomination.
The small abomination is moderately damaged.
* * * LOW HITPOINT WARNING * * *
You feel sick. The small abomination hits you!
Ouch! That really hurt!
You die...
Xom chortles!

#...#####.#......##..
#.............#####.#
###..P#...#.#.# ##.#
#..........#.# #..#
#...#......#.####.#.
#...+..÷.......##..(
#..x+......#...##.##
#.#x#P..P.P#.#..÷###
#.#@#......#.......#
#.#.########.#.#....
..#..........#.###..
.#############..###.
#. #....... #.
########


You could see 2 small abominations.

Vanquished Creatures
  A leopard gecko (D:1)
  4 bats (D:1)
  A giant cockroach (D:1)
  2 goblins
  2 hobgoblins
  4 jackals (D:1)
  6 frilled lizards
  5 rats
25 creatures vanquished.

Vanquished Creatures (others)
  4 toadstools (D:1)
4 creatures vanquished.

Grand Total: 29 creatures vanquished

Notes
Turn   | Place    | Note
-------+----------+-------------------------------------------
     0 | D:1      | Dox the Demonspawn Chaos Knight began the quest for the Orb.
     0 | D:1      | Reached XP level 1. HP: 18/18 MP: 1/1
   156 | D:1      | Gained mutation: You sometimes gain a little power by taking damage. [demonic ancestry]
   156 | D:1      | Reached XP level 2. HP: 17/24 MP: 2/2
   554 | D:1      | XOM: divination: magic mapping
   796 | D:1      | XOM: harmless Ice miscast
   875 | D:2      | Found an ornate altar of the Wu Jian Council.
   956 | D:2      | Reached skill level 1 in Dodging
  1026 | D:2      | Found a sacrificial altar of Ru.
  1027 | D:2      | Found a shimmering altar of Xom.
  1063 | D:2      | Found a white marble altar of Elyvilon.
  1212 | D:2      | XOM: medium Summ miscast
  1213 | D:2      | Noticed a small abomination
  1213 | D:2      | Noticed a small abomination
  1217 | D:2      | XOM: mild Pois miscast
  1218 | D:2      | Mangled by a small abomination

Skill      XL: |  1  2 |
---------------+-------+-----
Armour         | 2 |  2.1
Polearms       | 3 |  3.1
Dodging        | 1 |  1.1
Fighting       | |  3.4

Action                   || total
-------------------------++-------
Melee: Spear             ||   105
Throw: Stone             ||     8
 Stab: Sleeping          ||     2
       Confused          ||     1
  Eat: Chunk             ||     1
Armor: Leather armour    ||    25
Dodge: Dodged            ||    55
